3A
LOUISIANA DRAGOONS @ MT. VERNON BULLS
09/04/2038
 
TOP OF THE 1ST
Louisiana Dragoons batting - Pitching for Mt. Vernon Bulls : RHP Francisco Esposo
Pitching: RHP Francisco Esposo
Batting: RHB Colt Allen 0-0: Foul Ball, location: 2F
0-1: Called Strike
0-2: Ball
1-2: Strikes out swinging
Batting: RHB Cristóbal Arteaga 0-0: Ball
1-0: Swinging Strike
1-1: Ball
2-1: Foul Ball, location: 2F
2-2: Ball
3-2: Strikes out swinging
Batting: RHB Jun-soo Yi 0-0: Ball
1-0: Ball
2-0: SINGLE (Line Drive, 78S, EV 101.9 MPH)
Batting: RHB Jesse Garrett 0-0: Called Strike
0-1: Ball
1-1: Swinging Strike
1-2: Strikes out swinging
Top of the 1st over - 0 runs, 1 hit, 0 errors, 1 left on base; Louisiana 0 - Mt. Vernon 0
BOTTOM OF THE 1ST
Mt. Vernon Bulls batting - Pitching for Louisiana Dragoons : RHP Javier Solís
Pitching: RHP Javier Solís
Batting: RHB Ned Lyons 0-0: Called Strike
0-1: Ball
1-1: Swinging Strike
1-2: Ball
2-2: Foul Ball, location: 2F
2-2: Ball
3-2: Foul Ball, location: 2F
3-2: SINGLE (Popup, 4D, EV 55.0 MPH)
Batting: RHB Doug Page 0-0: Grounds into double play, 4-6-3 (Groundball, 4, EV 101.2 MPH)
Pitching: RHP Dave Reynolds
Batting: LHB Ramón Torres 0-0: Ball
1-0: Foul Ball, location: 2F
1-1: Ball
2-1: Ground out U3 (Groundball, 34, EV 77.5 MPH)
Bottom of the 1st over - 0 runs, 1 hit, 0 errors, 0 left on base; Louisiana 0 - Mt. Vernon 0
TOP OF THE 2ND
Louisiana Dragoons batting - Pitching for Mt. Vernon Bulls : RHP Francisco Esposo
Batting: SHB Jason Pratt 0-0: Called Strike
0-1: Foul Ball, location: 2F
0-2: Strikes out swinging
Batting: RHB Aubrey Callahan 0-0: Ball
1-0: Ball
2-0: Ball
3-0: Foul Ball, location: 2F
3-1: Foul Ball, location: 2F
3-2: Foul Ball, location: 2F
3-2: Base on Balls
Batting: LHB Rashid Jeltkov 0-0: Swinging Strike
0-1: Foul Ball, location: 2F
0-2: Ball
1-2: Foul Ball, location: 2F
1-2: Strikes out swinging
Batting: RHB Adam Cunningham 0-0: Ball
1-0: Ball
2-0: Fly out, F6 (Popup, 6M, EV 59.4 MPH)
Top of the 2nd over - 0 runs, 0 hits, 0 errors, 1 left on base; Louisiana 0 - Mt. Vernon 0
BOTTOM OF THE 2ND
Mt. Vernon Bulls batting - Pitching for Louisiana Dragoons : RHP Dave Reynolds
Batting: LHB Ben Bullock 0-0: Ball
1-0: Foul Ball, location: 2F
1-1: Ball
2-1: Ground out U3 (Groundball, 3L, EV 86.2 MPH)
Batting: RHB Cyrillo Watson 0-0: Ball
1-0: Swinging Strike
1-1: Swinging Strike
1-2: Strikes out looking
Batting: RHB Francisco Ortíz 0-0: Foul Ball, location: 2F
0-1: Foul Ball, location: 2F
0-2: Foul Ball, location: 2F
0-2: Ball
1-2: Ball
2-2: Foul Ball, location: 2F
2-2: Foul Ball, location: 2F
2-2: Ball
3-2: Ground out 6-3 (Groundball, 6, EV 84.4 MPH)
Bottom of the 2nd over - 0 runs, 0 hits, 0 errors, 0 left on base; Louisiana 0 - Mt. Vernon 0
TOP OF THE 3RD
Louisiana Dragoons batting - Pitching for Mt. Vernon Bulls : RHP Francisco Esposo
Batting: SHB Ron Carlisle 0-0: Ball
1-0: Ball
2-0: Called Strike
2-1: Ball
3-1: Swinging Strike
3-2: Strikes out looking
Batting: RHB Colt Allen 0-0: Called Strike
0-1: Ball
1-1: Fly out, F5 (Line Drive, 5, EV 73.8 MPH)
Batting: RHB Cristóbal Arteaga 0-0: SINGLE (Groundball, 34D, EV 98.8 MPH)
Batting: RHB Jun-soo Yi 0-0: Ball
1-0: Called Strike
1-1: Ball
2-1: Ball
3-1: SINGLE (Groundball, 4MD, EV 104.4 MPH)
Cristóbal Arteaga to second
Batting: RHB Jesse Garrett 0-0: Ball
1-0: Called Strike
1-1: Foul Ball, location: 2F
1-2: Foul Ball, location: 2F
1-2: Ball
2-2: Strikes out swinging
Top of the 3rd over - 0 runs, 2 hits, 0 errors, 2 left on base; Louisiana 0 - Mt. Vernon 0
BOTTOM OF THE 3RD
Mt. Vernon Bulls batting - Pitching for Louisiana Dragoons : RHP Dave Reynolds
Batting: RHB Shawn Mullins 0-0: Ball
1-0: Swinging Strike
1-1: Fly out, F7 (Flyball, 7, EV 89.4 MPH)
Batting: RHB Mike O'Neill 0-0: Ball
1-0: Ball
2-0: Ball
3-0: Called Strike
3-1: DOUBLE (Groundball, 5L, EV 97.5 MPH)
Batting: RHB Claudio Corona 0-0: Called Strike
0-1: Called Strike
0-2: Ball
1-2: Fly out, F7 (Flyball, 78D, EV 104.4 MPH)
Batting: RHB Ned Lyons 0-0: Called Strike
0-1: Foul Ball, location: 2F
0-2: Ball
1-2: Ball
2-2: Foul Ball, location: 2F
2-2: Foul Ball, location: 2F
2-2: Reached on error, E6 (Groundball, 6, EV 102.5 MPH)
Mike O'Neill to third
Batting: RHB Doug Page 0-0: Called Strike
0-1: Ball
1-1: Ball
2-1: Ball
3-1: Called Strike
3-2: Fly out, F8 (Line Drive, 8LM, EV 91.2 MPH)
Bottom of the 3rd over - 0 runs, 1 hit, 1 error, 2 left on base; Louisiana 0 - Mt. Vernon 0
TOP OF THE 4TH
Louisiana Dragoons batting - Pitching for Mt. Vernon Bulls : RHP Francisco Esposo
Batting: SHB Jason Pratt 0-0: Foul Ball, location: 2F
0-1: Ball
1-1: Ball
2-1: Called Strike
2-2: Strikes out swinging
Batting: RHB Aubrey Callahan 0-0: Called Strike
0-1: Ball
1-1: Ball
2-1: Ball
3-1: Called Strike
3-2: Strikes out swinging
Batting: LHB Rashid Jeltkov 0-0: Foul Ball, location: 2F
0-1: Ball
1-1: Called Strike
1-2: Strikes out swinging
Top of the 4th over - 0 runs, 0 hits, 0 errors, 0 left on base; Louisiana 0 - Mt. Vernon 0
BOTTOM OF THE 4TH
Mt. Vernon Bulls batting - Pitching for Louisiana Dragoons : RHP Dave Reynolds
Batting: LHB Ramón Torres 0-0: Called Strike
0-1: Ball
1-1: Swinging Strike
1-2: SINGLE (Line Drive, 3D, EV 98.1 MPH)
Batting: LHB Ben Bullock 0-0: Ball
1-0: Called Strike
Ramón Torres steals 2nd base (no throw)
1-1: Ball
Ramón Torres steals 3rd base
2-1: Foul Ball, location: 2F
2-2: Ball
3-2: Ground out 4-3 (Groundball, 4, EV 88.8 MPH)
Ramón Torres scores
Batting: RHB Cyrillo Watson 0-0: Called Strike
0-1: Ball
1-1: Foul Ball, location: 2F
1-2: Foul Ball, location: 2F
1-2: Foul Ball, location: 2F
1-2: Fly out, F8 (Flyball, 8RD, EV 76.2 MPH)
Batting: RHB Francisco Ortíz 0-0: Foul Ball, location: 2F
0-1: Fly out, F8 (Line Drive, 8RM, EV 98.8 MPH)
Bottom of the 4th over - 1 run, 1 hit, 0 errors, 0 left on base; Louisiana 0 - Mt. Vernon 1
TOP OF THE 5TH
Louisiana Dragoons batting - Pitching for Mt. Vernon Bulls : RHP Francisco Esposo
Batting: RHB Adam Cunningham 0-0: Ball
1-0: SINGLE (Line Drive, 8LS, EV 87.5 MPH)
Batting: SHB Ron Carlisle 0-0: Sac Bunt to 2R - play at first, batter safe!
Adam Cunningham to second
Batting: RHB Colt Allen 0-0: Swinging Strike
0-1: Bunted foul
0-2: Foul Ball, location: 2F
0-2: Strikes out swinging
Batting: RHB Cristóbal Arteaga 0-0: Grounds into double play, 5-4-3 (Groundball, 56, EV 104.4 MPH)
Top of the 5th over - 0 runs, 2 hits, 0 errors, 1 left on base; Louisiana 0 - Mt. Vernon 1
BOTTOM OF THE 5TH
Mt. Vernon Bulls batting - Pitching for Louisiana Dragoons : RHP Dave Reynolds
Batting: RHB Shawn Mullins 0-0: Ball
1-0: Ball
2-0: Ball
3-0: Called Strike
3-1: Foul Ball, location: 2F
3-2: Ground out 6-3 (Groundball, 6, EV 78.1 MPH)
Batting: RHB Mike O'Neill 0-0: Foul Ball, location: 2F
0-1: Ball
1-1: Called Strike
1-2: Ball
2-2: Fly out, F6 (Popup, 6, EV 56.9 MPH)
Pitching: LHP Matèa Agani
Batting: RHB Claudio Corona 0-0: Ball
1-0: Called Strike
1-1: Called Strike
1-2: Strikes out swinging
Bottom of the 5th over - 0 runs, 0 hits, 0 errors, 0 left on base; Louisiana 0 - Mt. Vernon 1
TOP OF THE 6TH
Louisiana Dragoons batting - Pitching for Mt. Vernon Bulls : RHP Francisco Esposo
Batting: RHB Jun-soo Yi 0-0: Called Strike
0-1: Swinging Strike
0-2: Strikes out swinging
Batting: RHB Jesse Garrett 0-0: Swinging Strike
0-1: Foul Ball, location: 2F
0-2: Fly out, F9 (Flyball, 89S, EV 94.4 MPH)
Batting: SHB Jason Pratt 0-0: Ball
1-0: Called Strike
1-1: Swinging Strike
1-2: Ball
2-2: Foul Ball, location: 2F
2-2: Ball
3-2: Foul Ball, location: 2F
3-2: Foul Ball, location: 2F
3-2: Strikes out swinging
Top of the 6th over - 0 runs, 0 hits, 0 errors, 0 left on base; Louisiana 0 - Mt. Vernon 1
BOTTOM OF THE 6TH
Mt. Vernon Bulls batting - Pitching for Louisiana Dragoons : LHP Matèa Agani
Batting: RHB Ned Lyons 0-0: Ball
1-0: Called Strike
1-1: Swinging Strike
1-2: Strikes out swinging
Batting: RHB Doug Page 0-0: Ball
1-0: Called Strike
1-1: Ball
2-1: Ground out 1-3 (Groundball, P, EV 88.1 MPH)
Batting: LHB Ramón Torres 0-0: Ball
1-0: Foul Ball, location: 2F
1-1: Ball
2-1: Foul Ball, location: 2F
2-2: Strikes out looking
Bottom of the 6th over - 0 runs, 0 hits, 0 errors, 0 left on base; Louisiana 0 - Mt. Vernon 1
TOP OF THE 7TH
Louisiana Dragoons batting - Pitching for Mt. Vernon Bulls : RHP Francisco Esposo
Batting: RHB Aubrey Callahan 0-0: Called Strike
0-1: Ball
1-1: Ball
2-1: Called Strike
2-2: Foul Ball, location: 2F
2-2: Ball
3-2: Foul Ball, location: 2F
3-2: Ground out 6-3 (Groundball, 56, EV 105.0 MPH)
Pitching: RHP Rafael Santiago
Batting: LHB Rashid Jeltkov 0-0: Ground out 6-3 (Groundball, 6, EV 100.0 MPH)
Batting: RHB Adam Cunningham 0-0: Foul Ball, location: 2F
0-1: Ball
1-1: Ball
2-1: Swinging Strike
2-2: Strikes out looking
Top of the 7th over - 0 runs, 0 hits, 0 errors, 0 left on base; Louisiana 0 - Mt. Vernon 1
BOTTOM OF THE 7TH
Mt. Vernon Bulls batting - Pitching for Louisiana Dragoons : LHP Matèa Agani
Batting: LHB Ben Bullock 0-0: Ball
1-0: Ball
2-0: Ground out 4-3 (Groundball, 34, EV 87.5 MPH)
Batting: RHB Cyrillo Watson 0-0: Foul Ball, location: 2F
0-1: Fly out, F8 (Flyball, 8RD, EV 105.0 MPH)
Batting: RHB Francisco Ortíz 0-0: Ball
1-0: Foul Ball, location: 2F
1-1: Foul Ball, location: 2F
1-2: Strikes out swinging
Bottom of the 7th over - 0 runs, 0 hits, 0 errors, 0 left on base; Louisiana 0 - Mt. Vernon 1
TOP OF THE 8TH
Louisiana Dragoons batting - Pitching for Mt. Vernon Bulls : RHP Rafael Santiago
Batting: SHB Ron Carlisle 0-0: Ball
1-0: Ball
2-0: Ball
3-0: Called Strike
3-1: Swinging Strike
3-2: Strikes out looking
Batting: RHB Colt Allen 0-0: Swinging Strike
0-1: Ball
1-1: Foul Ball, location: 2F
1-2: Strikes out looking
Batting: RHB Cristóbal Arteaga 0-0: Called Strike
0-1: Ball
1-1: Foul Ball, location: 2F
1-2: Foul Ball, location: 2F
1-2: Fly out, F9 (Flyball, 89M, EV 73.8 MPH)
Top of the 8th over - 0 runs, 0 hits, 0 errors, 0 left on base; Louisiana 0 - Mt. Vernon 1
BOTTOM OF THE 8TH
Mt. Vernon Bulls batting - Pitching for Louisiana Dragoons : LHP Matèa Agani
Batting: RHB Shawn Mullins 0-0: Called Strike
0-1: Foul Ball, location: 2F
0-2: Reached on error, E5 (Groundball, 5, EV 89.4 MPH)
Batting: RHB Mike O'Neill 0-0: Sac Bunt to 2R - play at first, batter OUT! 2-4
Shawn Mullins to second
Batting: RHB Claudio Corona 0-0: Fly out, F6 (Popup, 6MS, EV 76.9 MPH)
Batting: RHB Ned Lyons 0-0: Called Strike
0-1: Swinging Strike
0-2: Foul Ball, location: 2F
0-2: Ball
Wild Pitch!
Shawn Mullins to third
1-2: Ball
2-2: Fly out, F7 (Flyball, 7LSF, EV 90.6 MPH)
Bottom of the 8th over - 0 runs, 0 hits, 1 error, 1 left on base; Louisiana 0 - Mt. Vernon 1
TOP OF THE 9TH
Louisiana Dragoons batting - Pitching for Mt. Vernon Bulls : RHP Rafael Santiago
Pitching: RHP Danny Kas
Batting: RHB Jun-soo Yi 0-0: Called Strike
0-1: SINGLE (Line Drive, 9S, EV 91.9 MPH)
Pinch Hitting: LHB Abraham Ruenuitz 0-0: Swinging Strike
0-1: Ball
1-1: Foul Ball, location: 2F
1-2: Strikes out swinging
Batting: SHB Jason Pratt 0-0: Called Strike
0-1: Ball
1-1: Ball
2-1: SINGLE (Line Drive, 78S, EV 99.4 MPH)
Jun-soo Yi to second
Batting: RHB Aubrey Callahan 0-0: Called Strike
0-1: SINGLE (Flyball, 7LS, EV 93.8 MPH)
Jun-soo Yi to third
Jason Pratt to second
Runner from 3rd tries for Home, SAFE, throw by LF to home
Batting: LHB Rashid Jeltkov 0-0: Ball
1-0: Ball
2-0: Fielders Choice at 2nd, 6-4 (Groundball, 6, EV 103.1 MPH)
Jason Pratt to third
Batting: RHB Adam Cunningham 0-0: Called Strike
0-1: Fly out, F8 (Flyball, 8LXD, EV 100.0 MPH)
Top of the 9th over - 1 run, 3 hits, 0 errors, 2 left on base; Louisiana 1 - Mt. Vernon 1
BOTTOM OF THE 9TH
Mt. Vernon Bulls batting - Pitching for Louisiana Dragoons : LHP Matèa Agani
Pitching: RHP Roy Lowe
Now at 3B: Si-xun Jin
Pinch Hitting: LHB Rafael Romero 0-0: Called Strike
0-1: Ball
1-1: Ball
2-1: Foul Ball, location: 2F
2-2: Ball
3-2: Strikes out swinging
Batting: LHB Ramón Torres 0-0: Ball
1-0: Ball
2-0: Ball
3-0: Called Strike
3-1: Foul Ball, location: 2F
3-2: Foul Ball, location: 2F
3-2: Foul Ball, location: 2F
3-2: Foul Ball, location: 2F
3-2: Base on Balls
Batting: LHB Ben Bullock 0-0: Ball
1-0: Called Strike
1-1: Ball
2-1: Swinging Strike
2-2: Foul Ball, location: 2F
2-2: Ball
3-2: SINGLE (Groundball, 34, EV 100.6 MPH) (infield hit)
Ramón Torres to second
Pitching: RHP Waylon Fraser
Batting: RHB Cyrillo Watson 0-0: Ball
Ramón Torres is caught stealing 3rd base 2-5
1-0: Called Strike
1-1: Ground out 2-3 (Groundball, 13S, EV 62.5 MPH)
Bottom of the 9th over - 0 runs, 1 hit, 0 errors, 1 left on base; Louisiana 1 - Mt. Vernon 1
TOP OF THE 10TH
Louisiana Dragoons batting - Pitching for Mt. Vernon Bulls : RHP Danny Kas
Pitching: RHP Bungay Osiman
Now at C: Roberto Sánchez
Batting: SHB Ron Carlisle 0-0: Ball
1-0: Ball
2-0: Ball
3-0: Called Strike
3-1: Called Strike
3-2: Foul Ball, location: 2F
3-2: Strikes out swinging
Batting: RHB Colt Allen 0-0: Ball
1-0: Foul Ball, location: 2F
1-1: Foul Ball, location: 2F
1-2: Strikes out swinging
Batting: RHB Cristóbal Arteaga 0-0: Ball
1-0: TRIPLE (Flyball, 78XD, EV 108.8 MPH)
Batting: RHB Jun-soo Yi 0-0: Intentional Walk
Batting: RHB Si-xun Jin 0-0: Foul Ball, location: 2F
0-1: Swinging Strike
0-2: Ball
1-2: Strikes out swinging
Top of the 10th over - 0 runs, 1 hit, 0 errors, 2 left on base; Louisiana 1 - Mt. Vernon 1
BOTTOM OF THE 10TH
Mt. Vernon Bulls batting - Pitching for Louisiana Dragoons : RHP Waylon Fraser
Batting: RHB Francisco Ortíz 0-0: Called Strike
0-1: Ball
1-1: Foul Ball, location: 2F
1-2: Ball
2-2: Foul Ball, location: 2F
2-2: Ground out 5-3 (Groundball, 56, EV 78.8 MPH)
Batting: RHB Shawn Mullins 0-0: Foul Ball, location: 2F
0-1: Ball
1-1: SOLO HOME RUN (Flyball, 78XD, EV 94.4 MPH), Distance : 427 ft
Friday, April 17th, 2020 - OOTP Baseball 20.8 Build 74